 Dungeon Crawl Stone Soup version 0.31.0-4-g52a2dc7128 (webtiles) character file.

Game seed: 14683958480946623872

17061 sanka the Marksdemigod (level 11, -4/94 HPs)
             Began as a Demigod Hunter on Jan 21, 2024.
             Slain by a large slime creature (21 damage)
             ... on level 11 of the Dungeon.
             The game lasted 00:18:23 (9576 turns).

sanka the Marksdemigod (Demigod Hunter)             Turns: 9576, Time: 00:18:23

Health: -4/94      AC: 11    Str: 18    XL:     11   Next: 87%
Magic:  0/14       EV: 25    Int: 14    God:
Gold:   230        SH:  0    Dex: 29    Spells: 10/10 levels left

rFire   . . .        a - +2 arbalest (elec)
rCold   + . .        (shield currently unavailable)
rNeg    . . .        x - +1 robe {rC+}
rPois   .            I - +0 hat {Int+3}
rElec   .            w - +2 cloak {Will+}
rCorr   .            J - +1 pair of gloves
SInv    .            l - +2 pair of boots
Will    ++...        T - amulet of guardian spirit
Stlth   ++           Q - +6 ring of strength
HPRegen 0.35/turn    p - +5 ring of evasion
MPRegen 0.14/turn

%: guardian spirit
@: no status effects
A: high MP 1, forlorn, divine attributes
a: no special abilities


You were on level 11 of the Dungeon.
You visited 1 branch of the dungeon, and saw 11 of its levels.
You also visited: Bailey.

You collected 637 gold pieces.
You spent 407 gold pieces at shops.


Innate Abilities, Weirdness & Mutations

You have an increased reservoir of magic. (+10% MP)
You shall have no god before yourself.
Your divine heritage dramatically boosts your attributes as you level up.


   Skills:
 - Level 8.0 Fighting
 * Level 15.6 Ranged Weapons
 - Level 8.0 Dodging
 - Level 0.8 Stealth


You had 10 spell levels left.
You didn't know any spells.
Your spell library contained the following spells:

 Spells                   Type           Power      Damage    Failure   Level
 Shock                    Conj/Air       0%         1d3       28%         1
 Lesser Beckoning         Tloc           0%         N/A       41%         2
 Mercury Vapours          Alch/Air       0%         N/A       41%         2
 Gell's Gravitas          Tloc           0%         N/A       65%         3
 Mephitic Cloud           Conj/Alch/Air  0%         N/A       65%         3
 Summon Ice Beast         Ice/Summ       0%         N/A       65%         3
 Swiftness                Air            0%         N/A       65%         3
 Teleport Other           Tloc           0%         N/A       65%         3
 Airstrike                Air            0%         2d(0-16)  96%         4
 Freezing Cloud           Conj/Ice/Air   0%         6-21      100%        5
 Summon Mana Viper        Hex/Summ       0%         N/A       100%        5
 Monstrous Menagerie      Summ           0%         N/A       100%        7

Inventory:

Hand Weapons
 a - a +2 arbalest of electrocution (weapon)
 H - a +0 orcbow
Missiles
 d - 3 throwing nets {=f}
 M - 5 curare-tipped darts {=f}
Armour
 l - a +2 pair of boots (worn)
 w - a +2 cloak of willpower (worn)
 x - a +1 robe of cold resistance (worn)
 I - a +0 hat of intelligence (worn)
 J - a +1 pair of gloves (worn)
Magical Staves
 j - a staff of conjuration {!a}
Jewellery
 p - a +5 ring of evasion (right hand)
 Q - a +6 ring of strength (left hand)
 T - an amulet of guardian spirit (around neck)
Wands
 k - a wand of digging (5)
 o - a wand of polymorph (9)
 D - a wand of flame (34)
 P - a wand of paralysis (4)
Scrolls
 b - a scroll of butterflies
 e - 2 scrolls of immolation {!r}
 f - 4 scrolls of teleportation {@r4}
 i - 6 scrolls of enchant armour
 m - 2 scrolls of vulnerability {!r}
 q - a scroll of fog {unknown}
 s - 5 scrolls of enchant weapon
 u - a scroll of poison {!r}
 y - 4 scrolls of torment {!r}
 C - a scroll of acquirement {unknown}
 F - a scroll of brand weapon
 G - a scroll of blinking
 K - a scroll of fear {unknown}
 S - a scroll of revelation {unknown}
Potions
 c - 2 potions of ambrosia {unknown}
 g - a potion of berserk rage {unknown}
 h - a potion of enlightenment
 n - 4 potions of might {unknown}
 r - a potion of invisibility {unknown}
 t - a potion of brilliance {unknown}
 z - 3 potions of haste {@q3}
 A - 4 potions of heal wounds {unknown}
 B - 2 potions of lignification {unknown}
 E - a potion of magic {unknown}
 L - a potion of curing {@q1}
 N - 2 potions of resistance
 O - a potion of degeneration {unknown}
 R - a potion of attraction {unknown}

Dungeon Overview and Level Annotations

Branches:
Dungeon (11/15)            Temple (0/1) D:5          Bailey (visited)
   Lair: D:8-11         Orc: D:9-12

Shops:
D:4 :   D:8 !([(

........
▒▒▒+▒▒▒+▒▒......
▒........▒.....
▒........▒...y
▒........▒YCW
▒........▒JJ
▒.<......▒†▒
▒......▒▒▒J▒
▒......~.p.▒
▒....~~~~..▒
▒....~~~~..▒
▒.>...~~.......
▒......~~~........
▒▒▒▒▒▒..P~.......▒
[............▒
..▒▒▒▒▒▒▒▒▒.... ▒▒
....


You could see a large slime creature, 2 slime creatures, a cyclops, a yak, a
vampire mosquito and a shadow.


Message History

The large slime creature is heavily wounded.
The large slime creature closely misses you.
The large slime creature misses you.
Unknown command.
You shoot a bolt. The bolt hits the large slime creature!
The large slime creature is severely wounded.
You hear an angry buzzing noise.
The large slime creature hits you!
Unknown command.
You shoot a bolt.
The bolt hits the large slime creature!!
The large slime creature is almost dead.
You hear the faint crackling of a distant melting archway.
You hear an angry buzzing noise.
The large slime creature hits you!!!
* * * LOW HITPOINT WARNING * * *
Unknown command.
Unknown command.
You shoot a bolt.
The bolt barely misses the large slime creature.
The bolt hits the slime creature!
The slime creature is lightly wounded.
The large slime creature hits you!!
* * * LOW HITPOINT WARNING * * *
Unknown command.
A vampire mosquito comes into view.
The large slime creature attacks as it pursues you!
The large slime creature hits you!!
You die...

Action                     |  1- 3 |  4- 6 |  7- 9 | 10-12 || total
---------------------------+-------+-------+-------+-------++-------
  Melee: Unarmed           |       |     7 |       |       ||     7
   Fire: Shortbow          |    88 |     3 |       |       ||    91
         Sling             |       |   195 |   124 |       ||   319
         Orcbow            |       |       |   194 |   150 ||   344
         Arbalest          |       |       |       |   189 ||   189
  Evoke: Wand              |       |     2 |     1 |       ||     3
    Use: Scroll            |       |       |     7 |     4 ||    11
         Potion            |       |       |     5 |       ||     5
   Stab: Confused          |       |     1 |       |       ||     1
 Armour: Leather armour    |     6 |    18 |       |       ||    24
         Skin              |       |     1 |       |       ||     1
         Robe              |       |    27 |    52 |    70 ||   149
  Dodge: Dodged            |    12 |   118 |   148 |   189 ||   467

Levels and vault maps discovered:
D:1:      arrival_aquarium_b, layout_rooms
D:2:      wad_lake_hut, layout_basic, uniq_natasha
D:3:      layout_basic, minmay_overflow_temple_star_quad, minmay_box_of_dots,
          uniq_crazy_yiuf_cottage, uniq_terence, uniq_ijyb
D:4:      layout_basic, serial_curves, eino_curves_03, eino_curves_02,
          nicolae_shop_i_like_small_books_too
D:5:      layout_layer_cave, mainiacjoe_overflow_boulevard,
          minmay_temple_entry_ruins
D:6:      layout_basic, nicolae_grassy_gnolls
D:7:      layout_layer_cave, enter_bailey_2, grunt_decor_mini_mirrors,
          uniq_prince_ribbit1
D:8:      layout_loops_ring, serial_shops, nicolae_shop_scrapyard, shop_statue,
          shop, nicolae_shop_hallway_stairs, minmay_tree_intersection,
          uniq_psyche, uniq_gastronok
D:9:      layout_loops_ring, corexii_leaking_fountain
D:10:     layout_loops_ring, einodemon_armed_red_devil_minivault, uniq_sonja,
          uniq_erica, uniq_amaemon
D:11:     nicolae_cairo_tiling, layout_irregular_city,
          portal_ice_cave_demonic_guard, serial_undead, serial_undead_f,
          serial_undead_f, serial_undead_f, serial_undead_a, serial_undead_c,
          serial_undead_c, serial_undead_a, serial_undead_f, serial_undead_a,
          serial_undead_f

Notes
Turn   | Place    | Note
-------+----------+-------------------------------------------
     0 | D:1      | sanka the Demigod Hunter began the quest for the Orb.
     0 | D:1      | Reached XP level 1. HP: 17/17 MP: 3/3
     3 | D:1      | Noticed an electric eel
     4 | D:1      | Noticed an electric eel
    27 | D:1      | Reached skill level 2 in Fighting
    65 | D:1      | Reached XP level 2. HP: 23/24 MP: 4/4
    80 | D:1      | Reached skill level 4 in Ranged Weapons
   305 | D:1      | Reached skill level 2 in Dodging
   316 | D:1      | Reached XP level 3. HP: 30/30 MP: 5/5
   569 | D:2      | Noticed Natasha
   574 | D:2      | Killed Natasha
   585 | D:2      | Noticed Natasha
   592 | D:2      | Killed Natasha
   593 | D:2      | Reached XP level 4. HP: 21/37 MP: 6/6
  1039 | D:2      | Noticed Natasha
  1047 | D:2      | Killed Natasha
  1444 | D:3      | Noticed Terence
  1452 | D:3      | Killed Terence
  1453 | D:3      | Reached skill level 3 in Fighting
  1453 | D:3      | Reached skill level 5 in Ranged Weapons
  1453 | D:3      | Reached XP level 5. HP: 43/45 MP: 7/7
  1488 | D:3      | Noticed Ijyb
  1521 | D:3      | Killed Ijyb
  1683 | D:5      | Entered Level 5 of the Dungeon
  1865 | D:4      | Noticed an ogre
  1871 | D:4      | Reached skill level 3 in Dodging
  1879 | D:4      | Killed an ogre
  1880 | D:4      | Reached XP level 6. HP: 40/51 MP: 8/8
  2072 | D:4      | Found Dihaf's Tiny Tomes.
  2724 | D:3      | Found a runed translucent door.
  2725 | D:3      | Noticed Crazy Yiuf
  2944 | D:3      | Killed Crazy Yiuf
  2945 | D:3      | Reached skill level 6 in Ranged Weapons
  3452 | D:4      | Reached skill level 4 in Fighting
  3452 | D:4      | Reached XP level 7. HP: 42/59 MP: 9/9
  3734 | D:5      | Reached skill level 4 in Dodging
  3749 | D:5      | Reached skill level 7 in Ranged Weapons
  3997 | D:5      | Found a staircase to the Ecumenical Temple.
  4787 | D:6      | Reached XP level 8. HP: 67/67 MP: 10/10
  4806 | D:6      | Reached skill level 5 in Fighting
  4875 | D:6      | Reached skill level 5 in Dodging
  5017 | D:6      | Reached skill level 8 in Ranged Weapons
  5684 | D:7      | Found a flagged portal.
  5712 | Bailey   | Entered a bailey
  5920 | Bailey   | Noticed an orc knight
  5958 | Bailey   | Killed an orc knight
  5959 | Bailey   | Reached skill level 6 in Fighting
  5959 | Bailey   | Reached skill level 9 in Ranged Weapons
  5959 | Bailey   | Reached XP level 9. HP: 47/75 MP: 11/11
  6072 | Bailey   | Noticed an orc knight
  6107 | Bailey   | Killed an orc knight
  6108 | Bailey   | Reached skill level 6 in Dodging
  6325 | Bailey   | Reached skill level 13 in Ranged Weapons
  6325 | Bailey   | Reached XP level 10. HP: 84/84 MP: 13/13
  6860 | D:7      | Noticed Prince Ribbit
  6882 | D:7      | Killed Prince Ribbit
  7304 | D:8      | Found Wodwysex's Antique Weapon Emporium.
  7322 | D:8      | Bought a runed arbalest for 187 gold pieces
  7466 | D:8      | Noticed Psyche
  7497 | D:8      | Killed Psyche
  7667 | D:8      | Found Mean's Weapon Shoppe.
  7725 | D:8      | Noticed Gastronok
  7734 | D:8      | Killed Gastronok
  7735 | D:8      | Reached skill level 7 in Fighting
  7735 | D:8      | Reached skill level 14 in Ranged Weapons
  7735 | D:8      | Reached skill level 7 in Dodging
  7735 | D:8      | Reached XP level 11. HP: 92/92 MP: 14/14
  7778 | D:8      | Found Yheses's Antique Armour Emporium.
  7811 | D:8      | Found Sorimmak's Distillery.
  7819 | D:8      | Bought a potion of haste for 110 gold pieces
  7819 | D:8      | Bought a potion of resistance for 110 gold pieces
  8875 | D:10     | Entered Level 10 of the Dungeon
  8955 | D:10     | Noticed Erica
  8957 | D:10     | Killed Erica
  8960 | D:10     | Noticed Amaemon
  8967 | D:10     | Killed Amaemon
  9079 | D:10     | Reached skill level 8 in Fighting
  9084 | D:10     | Reached skill level 8 in Dodging
  9145 | D:10     | Noticed Sonja
  9147 | D:10     | Killed Sonja
  9148 | D:10     | Reached skill level 15 in Ranged Weapons
  9576 | D:11     | Slain by a large slime creature

Vanquished Creatures
  Gastronok (D:8)
  Erica (D:10)
  Sonja (D:10)
  Amaemon (D:10)
  2 orc knights (Bailey)
  An orange demon (D:10)
  3 centaur zombies (D:11)
  Psyche (D:8)
  2 hornets (D:8)
  3 red devils (D:10)
  Prince Ribbit (D:7)
  5 slime creatures (D:9)
  3 wraiths
  13 yaks
  A shadow (D:9)
  2 wyverns
  7 vampire mosquitoes (D:10)
  A water moccasin (D:7)
  An ice beast (D:6)
  A sky beast (D:6)
  6 orc warriors
  A black bear (D:5)
  3 ogres
  A centaur (D:6)
  A phantom (D:5)
  A kobold brigand (D:8)
  2 bullfrogs
  A gnoll sergeant (D:6)
  3 scorpions
  3 wights (D:7)
  5 killer bees (D:7)
  2 howler monkeys (D:7)
  2 bombardier beetles
  Crazy Yiuf (D:3)
  5 orc priests
  2 hounds
  2 gnoll boudas
  Ijyb (D:3)
  Natasha (thrice) (D:2)
  Terence (D:3)
  3 iguanas
  7 orc wizards
  7 gnolls
  13 adders
  2 shadow imps
  4 white imps
  2 dart slugs
  2 ribbon worms
  64 orcs
  4 ball pythons
  10 endoplasms
  3 giant cockroaches
  10 hobgoblins
  8 jackals
  16 kobolds
  4 quokkas
  7 bats
  4 frilled lizards
  6 goblins
  7 rats
280 creatures vanquished.

Vanquished Creatures (others)
  2 kobolds (D:8)
2 creatures vanquished.

Grand Total: 282 creatures vanquished
